 Dungeon Crawl Stone Soup version 0.27.0-66-gdc8fb28755 (webtiles) character file.

Game seed: 17329944466906534620

91 Spectrina the Covert (level 4, -1/27 HPs)
             Began as a Vampire Delver on Aug 20, 2021.
             Slain by ZARRMARR's ghost (12 damage)
             ... on level 5 of the Dungeon.
             The game lasted 00:02:36 (385 turns).

Spectrina the Covert (Vampire Delver)                Turns: 385, Time: 00:02:36

Health: -1/27      AC:  3    Str: 11    XL:     4   Next: 33%
Magic:  4/4        EV: 12    Int: 12    God:
Gold:   15         SH:  0    Dex: 16    Spells: 3/3 levels left

rFire    . . .     SeeInvis +   a - +0 short sword
rCold    + + .     Faith    .   (no shield)
rNeg     + + +     Spirit   .   b - +0 leather armour
rPois    ∞         Reflect  .   (no helmet)
rElec    .         Harm     .   (no cloak)
rCorr    .         Rampage  .   (no gloves)
Will     .....                  (no boots)
Stlth    ++++++....             (no amulet)
HPRegen  0.00/turn              (no ring)
MPRegen  0.09/turn              (no ring)

@: bloodless, inhibited regen
A: bloodless, fangs 3, see invisible, vampiric 2
a: Bat Form, Revivify


You were on level 5 of the Dungeon.
You visited 1 branch of the dungeon, and saw 2 of its levels.

You collected 15 gold pieces.

Inventory:

Hand Weapons
 a - a +0 short sword (weapon)
Missiles
 l - 20 bolts
Armour
 b - a +0 leather armour (worn)
Wands
 g - a wand of digging (3)
Scrolls
 c - a scroll of fog
 d - a scroll of magic mapping
 e - a scroll of fear
 h - a scroll of teleportation {unknown}
 i - a scroll of amnesia {unknown}
Potions
 f - a potion of haste
 j - a potion of brilliance {unknown}
 k - a potion of berserk rage {unknown}
 m - a potion of ambrosia {unknown}


   Skills:
 - Level 2.6 Fighting
 - Level 2.1 Short Blades
 - Level 2.1 Dodging
 + Level 9.8 Stealth


You had 3 spell levels left.
You didn't know any spells.
Your spell library was empty.

Dungeon Overview and Level Annotations

Branches:
Dungeon (5/15)
 Temple: D:4-7

Altars:

Annotations:
D:5 Grinder; ZARRMARR's ghost, novice PaFi


Innate Abilities, Weirdness & Mutations

You do not regenerate when monsters are visible.
You are frail without blood (-20% HP).
You can heal yourself when you bite living creatures.
You are immune to poison.
You have razor-sharp teeth.
You have supernaturally acute eyesight. (SInv)
You are afflicted with vampirism and can become a bat while bloodless.


Message History

Found 15 gold pieces.
You now have 15 gold pieces.
A hound comes into view.
Unknown command.
The helpless hound fails to defend itself.
You bite the hound, and draw its blood! You impale the hound!!
You kill the hound!
You have reached level 4!
You see here a hound corpse.
Found a runed translucent door.
Found a fizzy green potion and a coppery potion.
Unknown command.
Press: ? - help, v - describe, . - travel
Here: ZARRMARR's ghost (dormant, fire blocked by a runed translucent door)
The floor.
Unknown command.
You open the door.
Found 9 gold pieces.
There is an open translucent door here.
The helpless ZARRMARR's ghost fails to defend itself.
You impale ZARRMARR's ghost!!
ZARRMARR's ghost is heavily damaged.
You hit ZARRMARR's ghost but do no damage.
ZARRMARR's ghost is heavily damaged.
ZARRMARR's ghost hits you.
You barely miss ZARRMARR's ghost.
You bite ZARRMARR's ghost, but do no damage.
ZARRMARR's ghost is heavily damaged.
ZARRMARR's ghost hits you but does no damage.
You hit ZARRMARR's ghost but do no damage.
ZARRMARR's ghost is heavily damaged.
ZARRMARR's ghost hits you!
You hit ZARRMARR's ghost but do no damage.
You bite ZARRMARR's ghost.
ZARRMARR's ghost is heavily damaged.
ZARRMARR's ghost hits you!
You hit ZARRMARR's ghost but do no damage.
ZARRMARR's ghost is heavily damaged.
ZARRMARR's ghost hits you!
You die...

#. .#.# ..# #####.#.# ###
#.# ##.......# ..# #.#
##..###.$## #.#
#.###..##⌠##..#
##.#######.....##...##..
.....^........##..!..##..
# ##.#######....'.@W♣
....#.### ##.#
#.##.##..!..##........<.
...#
#.##..##...##..#.#.#.#.#
#### ####.###..##⌠##..#
.. <.. #....# ##..###..##
#. .#.# #.#### ##.....##
# ...## #.# ##.#.## .# .
#.# ...# #. # #.# #


You could see ZARRMARR's ghost.

Vanquished Creatures
  A hound (D:5)
  An iguana (D:4)
  A hound skeleton (D:5)
  2 adders
  An adder skeleton (D:5)
  A dart slug (D:4)
7 creatures vanquished.

Notes
Turn   | Place    | Note
-------+----------+-------------------------------------------
     0 | D:5      | Spectrina the Vampire Delver began the quest for the Orb.
     0 | D:5      | Reached XP level 1. HP: 17/17 MP: 1/1
    28 | D:5      | Noticed Grinder
    49 | D:5      | Reached XP level 2. HP: 18/18 MP: 2/2
   146 | D:5      | Noticed an ogre
   167 | D:5      | Reached skill level 8 in Stealth
   250 | D:4      | Gained mutation: You are afflicted with vampirism and can
                  | become a bat while bloodless. [Vampire growth]
   250 | D:4      | Reached XP level 3. HP: 22/22 MP: 3/3
   274 | D:4      | Reached skill level 9 in Stealth
   358 | D:5      | Reached XP level 4. HP: 27/27 MP: 4/4
   372 | D:5      | Found a runed translucent door.
   372 | D:5      | Noticed ZARRMARR's ghost (novice PaFi)
   385 | D:5      | Slain by ZARRMARR's ghost

Illustrated notes

Levels and vault maps discovered:
D:4:      layout_basic, corexii_corridor_pit
D:5:      cheibrodos_fzero, layout_loops_ring, hellmonk_ghost_happy_afterlife,
          nrook_loot_triangle, uniq_grinder

Skill      XL: |  1  2  3 |
---------------+----------+-----
Stealth        | 8 9 |  9.8
Fighting       | |  2.6
Short Blades   | |  2.1
Dodging        | |  2.1

Action                   |  1- 3 |  4- 6 || total
-------------------------+-------+-------++-------
Melee: Short sword       |    15 |     6 ||    21
       Bite              |     1 |     2 ||     3
 Abil: Exsanguinate      |     1 |       ||     1
 Stab: Sleeping          |     6 |     1 ||     7
Armor: Leather armour    |     2 |     1 ||     3
Dodge: Dodged            |     3 |       ||     3
